Map: [ESL] Equilibrium

Players

Firefly

  • Race: Protoss Protoss
  • Spawn Location: 1:00

Oliveira - Winner!

  • Race: Terran Terran
  • Spawn Location: 11:00

Event: ESL SC2 Masters 2023 Winter (Regional)

VOD

Have the link to the VOD?

Description

Time

  • Played on: Nov. 19, 2023, 8:25 a.m.
  • Length: 6:07

All games in this series

Show
View Real Time Build Order
Export as new Build Order

Firefly Protoss 

Build Orders: 1 Gate Expand, Blink Stalkers 

Get SALT Encoding   

  12  0:00  Probe  
  13  0:12  Probe  
  14  0:17  Pylon  
  14  0:24  Probe  
  15  0:35  Gateway  
  15  0:36  Probe (Chrono Boost)  
  16  0:43  Assimilator  
  16  0:48  Probe (Chrono Boost)  
  17  0:53  Probe (Chrono Boost)  
  18  1:03  Probe  
  19  1:16  Probe  
  20  1:23  Cybernetics Core  
  20  1:39  Nexus  
  20  1:41  Pylon  
  20  1:43  Probe  
  21  1:50  Assimilator  
  21  1:55  Probe  
  21  1:57  Adept (Chrono Boost)  
  21  2:00  Warp Gate (Chrono Boost)  
  24  2:07  Probe  
  25  2:09  Shield Battery  
  25  2:19  Probe (Chrono Boost)  
  26  2:27  Twilight Council  
  26  2:31  Probe (Chrono Boost)  
  27  2:38  Probe (Chrono Boost)  
  27  2:43  Gateway  
  28  2:45  Probe  
  28  2:51  Gateway  
  29  2:55  Probe  
  30  3:03  Blink (Chrono Boost)  
  30  3:12  Pylon  
  30  3:14  Probe  
  30  3:16  Probe  
  32  3:26  Probe  
  33  3:28  Probe  
  33  3:33  Gateway  
  31  3:45  Stalker x2  
  33  3:51  Stalker  
  33  3:53  Probe  
  33  3:54  Probe  
  33  4:10  Stalker  
  33  4:15  Stalker x2  
  33  4:16  Probe  
  33  4:17  Probe  
  39  4:27  Stalker  
  43  4:34  Stalker  
  43  4:36  Probe  
  43  4:38  Stalker  
  46  4:43  Stalker  
  48  4:48  Probe  
  48  4:50  Shield Battery  
  43  5:01  Stalker  
  43  5:08  Stalker  
  42  5:17  Probe  
  42  5:18  Probe  
  42  5:32  Probe  
  42  5:34  Shield Battery  
  43  5:38  Stalker x2  
  37  5:52  Pylon  
Show
View Real Time Build Order
Export as new Build Order

Oliveira Terran - Winner!

Build Orders: Gas First Reaper Expand, Banshee Rush 

Get SALT Encoding   

  12  0:00  SCV  
  13  0:12  SCV  
  14  0:17  Supply Depot  
  14  0:24  SCV  
  15  0:28  Refinery  
  15  0:38  SCV  
  16  0:44  Barracks  
  16  0:51  SCV  
  17  1:03  SCV  
  18  1:15  SCV  
  19  1:34  Orbital Command, Reaper  
  20  1:43  Command Center  
  20  1:53  Factory  
  20  2:00  SCV  
  21  2:07  Barracks Reactor  
  21  2:12  SCV, Refinery  
  21  2:15  Supply Depot  
  22  2:24  SCV  
  23  2:36  SCV  
  24  2:41  Starport  
  24  2:48  Hellion x2, SCV  
  29  2:55  Barracks Tech Lab  
  29  2:56  Orbital Command  
  29  3:00  SCV  
  30  3:10  Hellion x2  
  34  3:16  SCV  
  35  3:22  SCV  
  36  3:27  Cloaking Field  
  36  3:28  Banshee  
  39  3:35  SCV  
  39  3:36  SCV  
  39  3:43  Factory Tech Lab  
  39  3:47  SCV  
  40  3:48  SCV  
  40  3:52  Marine  
  40  3:53  Marine  
  40  3:54  Supply Depot  
  42  3:58  Bunker  
  42  3:59  SCV  
  42  4:00  SCV  
  44  4:07  Siege Tank  
  45  4:10  Marine  
  45  4:11  SCV  
  45  4:13  Banshee  
  45  4:15  SCV  
  47  4:17  Marine  
  47  4:19  Supply Depot  
  47  4:23  SCV  
  49  4:24  Barracks  
  49  4:27  SCV  
  49  4:28  Marine  
  51  4:35  SCV, Marine  
  51  4:37  Barracks  
  53  4:41  Supply Depot  
  53  4:43  Siege Tank  
  53  4:44  SCV  
  57  4:46  Marine  
  57  4:47  SCV  
  57  4:50  Refinery  
  59  4:56  SCV  
  59  4:59  Reaper  
  57  5:02  Banshee  
  57  5:04  SCV, Marine  
  56  5:08  SCV  
  56  5:11  Marine  
  54  5:16  SCV  
  54  5:18  Factory Tech Lab  
  52  5:22  Marine  
  52  5:24  SCV  
  54  5:29  Marine  
  54  5:30  SCV  
  54  5:31  Marine  
  57  5:39  Marine  
  56  5:47  Marine  
  56  5:48  Marine  
  56  5:49  SCV  
  54  5:51  SCV  
Tags
 
Add a new tag
Caveats
  • Supply blocks, unpowered buildings, or Contaminate may cause inaccurate times.
  • Supply counts are checked every 10 seconds.